 Dungeon Crawl Stone Soup version 0.19-a0-650-gab89c2a (webtiles) character file.

122556 Edwin the Blocker (level 17, -48/123 HPs)
             Began as a Formicid Hunter on June 11, 2016.
             Was the Champion of Ru.
             Engulfed by Bai Suzhen's thunder (58 damage)
             ... on level 3 of the Shoals on June 15, 2016.
             The game lasted 03:09:06 (33714 turns).

Edwin the Blocker (Formicid Hunter)                Turns: 33714, Time: 03:09:06

Health: -48/123    AC: 26    Str: 27    XL:     17   Next: 43%
Magic:  23/23      EV: 12    Int: 12    God:    Ru [******]
Gold:   189        SH: 22    Dex: 14    Spells: 0 memorised, 24 levels left

rFire  . . .     SeeInvis +     v - +9 long sword of Bekkuf {slice, rC+ Str+5}
rCold  + + .     Gourm    .     H - +4 plate armour
rNeg   . . .     Faith    .     k - +1 large shield {rC+}
rPois  .         Spirit   .     (helmet unavailable)
rElec  .         Dismiss  .     W - +2 cloak
rCorr  .         Reflect  .     r - +2 pair of gloves
SustAt .         Harm     +     (no boots)
MR     .....                    I - amulet of harm
Stlth  ..........               L - +2 ring of protection
                                O - +2 ring of strength (curse)

@: no scrolls, not resistant to hostile enchantments, extremely unstealthy
A: permanent stasis, dig shafts and tunnels, four strong arms, antennae 3,
clever 1, clumsy 1, frail 1, inability to read while threatened, hated by all,
no air magic, no translocations magic, no transmutations magic, reduced AC 1,
magic vulnerability 1
a: Dig, Shaft Self, Draw Out Power, Power Leap, Apocalypse, Renounce Religion


You were on level 3 of the Shoals.
You worshipped Ru.
Ru was exalted by your worship.
You were not hungry.

You visited 6 branches of the dungeon, and saw 29 of its levels.
You also visited: Ice Cave.

You collected 3285 gold pieces.
You spent 3096 gold pieces at shops.

Inventory:

Hand Weapons
 a - a +4 hand crossbow
 b - a +1 arbalest of velocity
 m - a +2 arbalest of flaming
 q - a +2 great sword of slicing
 v - the +9 long sword of Bekkuf (weapon) {slice, rC+ Str+5}
   (You found it on level 4 of the Dungeon)

   It inflicts extra damage upon your enemies.
   It affects your strength (+5).
   It protects you from cold.
 P - a +0 blowgun
Missiles
 n - 148 bolts
 B - a curare-tipped needle
Armour
 k - a +1 large shield of cold resistance (worn)
 r - a +2 pair of gloves (worn)
 w - a pearl dragon hide
 H - a +4 plate armour (worn)
 W - a +2 cloak (worn)
Jewellery
 i - an uncursed amulet of magic regeneration
 C - an uncursed ring of ice {unknown}
 G - an uncursed ring of protection from fire
 I - an amulet of harm (around neck)
 L - a +2 ring of protection (right hand)
 O - a cursed +2 ring of strength (left hand)
Wands
 E - a wand of lightning (7/15)
 J - a wand of teleportation (5/9)
 Q - a wand of iceblast (15/15)
Scrolls
 g - 4 scrolls of identify
 j - 2 scrolls of fear
 l - 18 scrolls of remove curse
 s - 2 scrolls of magic mapping
 y - a scroll of silence
 z - a scroll of recharging
Potions
 e - a potion of agility
 o - 4 potions of might
 p - a potion of cancellation
 t - a potion of invisibility {unknown}
 u - 3 potions of resistance
 x - 8 potions of flight
 A - 4 potions of brilliance
 K - 3 potions of heal wounds
 T - a potion of cure mutation {unknown}
 V - 3 potions of haste {unknown}
 Y - 4 potions of magic {unknown}
Comestibles
 c - a meat ration
 d - 5 chunks of flesh
 f - 12 bread rations
 h - 10 fruits


   Skills:
 - Level 13.4 Fighting
 - Level 12.6 Long Blades
 * Level 13.4 Crossbows
 - Level 14.4 Armour
 - Level 7.5 Dodging
 - Level 1.2 Stealth
 - Level 14.6 Shields
 - Level 4.0 Spellcasting


You had 24 spell levels left.
You didn't know any spells.

Dungeon Overview and Level Annotations

Branches:
Dungeon (15/15)            Temple (1/1) D:6            Lair (6/6) D:8
 Shoals (4/4) Lair:2       Spider (0/4) Lair:4        Slime (0/5) Lair:6
    Orc (2/2) D:12            Elf (1/3) Orc:2        Vaults (0/5) D:13
 Depths (0/5) D:15

Altars:
Ashenzari
Gozag
Hepliaklqana
Makhleb
Ru
Trog
Uskayaw
Xom
Yredelemnul
Zin
Beogh

Shops:
D:6 }(   D:7 *   D:11 :   Orc:2 :[(*

Portals:
Trove: D:10 (give +7 demon trident)

Annotations:
D:14 Arkorax's ghost, journeyman MiGl
Lair:6 exclusion: oklob plant
Shoals:3 Bai Suzhen


Innate Abilities, Weirdness & Mutations

You are under a permanent stasis effect.
You can dig through walls and to a lower floor.
Your four strong arms can wield two-handed weapons with a shield.
You have a pair of large antennae on your head. (SInv)
You are clumsy. (Dex -2)
You are frail. (-10% HP)
You cannot read scrolls while threatened.
You are hated by all.
You cannot study or cast Air magic.
You cannot study or cast Translocations magic.
You cannot study or cast Transmutations magic.
You take slightly more damage. (AC -3)
You are slightly vulnerable to magic. (MR-)
Your mind is acute. (Int +2)


Message History

Bai Suzhen closely misses you. You block Bai Suzhen's attack.
You hit Bai Suzhen.
Bai Suzhen is heavily wounded.
You are standing in a thunderstorm.
You block Bai Suzhen's attack. x3
Your plate armour prevents you from hitting Bai Suzhen.
Bai Suzhen is heavily wounded.
You are standing in a thunderstorm.
You block Bai Suzhen's attack. x3
You hit Bai Suzhen.
Bai Suzhen is severely wounded.
You are standing in a thunderstorm.
You are struck by lightning!
Ouch! That really hurt!
* * * LOW HITPOINT WARNING * * *
You hit Bai Suzhen.
Bai Suzhen is severely wounded.
You are standing in a thunderstorm.
You block Bai Suzhen's attack. x2
Bai Suzhen tramples you but does no damage.
You barely miss Bai Suzhen.
Bai Suzhen is severely wounded.
You are standing in a thunderstorm.
You are struck by lightning!
You die...

≈≈≈≈≈≈≈≈≈≈P.P# #....P≈≈≈≈≈≈≈ ≈≈
≈≈≈≈≈≈P≈≈≈P..# ##..≈≈≈PP≈≈≈≈≈≈ ≈≈
≈≈≈≈≈≈≈≈≈≈≈.## #..≈≈≈≈P≈≈≈≈≈≈≈ ≈≈
≈≈≈≈≈≈......# #..≈≈≈PPP≈PP≈≈≈ ≈≈
≈≈≈≈≈≈.###..## ##.≈≈≈≈≈≈≈.≈P≈≈ ≈≈
≈≈≈≈≈..# #..P# ##.≈≈≈≈≈P≈PP≈≈ ≈≈
≈≈≈≈≈≈.###.≈P####..≈≈≈P≈≈≈≈≈.≈ ≈≈
≈≈≈≈≈.....≈≈≈≈...≈.....≈≈≈≈≈P≈ ≈≈
≈≈≈≈≈≈≈≈..≈≈≈≈.≈@§§###..≈≈≈≈≈≈ ≈≈
≈≈≈≈≈≈≈≈≈..≈≈≈≈)§D## #..≈≈≈P.P ≈≈
≈≈≈≈≈≈≈≈≈..≈≈≈≈≈§§§###.≈≈≈≈..≈ ≈≈
≈≈≈≈≈≈≈≈≈..≈≈≈≈≈≈≈≈≈...≈≈≈≈≈≈≈ ≈≈
≈≈≈≈≈≈≈≈...≈≈≈≈≈≈≈≈≈...≈≈≈≈≈≈≈≈≈≈
≈≈≈≈≈≈≈≈......≈≈≈≈≈≈≈≈≈≈≈≈≈≈≈≈≈≈≈
≈≈≈≈.≈≈..#...≈≈≈≈≈≈≈≈≈≈≈≈≈.≈≈≈≈≈≈
≈≈≈P.≈≈....≈≈≈≈≈≈≈≈≈≈≈≈≈≈≈≈≈≈≈≈≈≈
≈)≈≈≈≈≈≈≈≈≈≈≈≈≈≈≈≈≈≈≈≈≈≈≈≈≈≈≈≈≈≈≈


You could see Bai Suzhen.

Vanquished Creatures
  Rupert (Lair:6)
  Kirke (D:11)
  Aizul (Shoals:3)
  An orc warlord (Orc:2)
  Josephine (Orc:1)
  2 fire dragons (D:15)
  4 merfolk impalers
  5 hydras
  A merfolk avatar (Shoals:1)
  A merfolk aquamancer (Shoals:3)
  2 centaur warriors (D:13)
  5 death yaks (Lair:4)
  A tengu warrior (D:13)
  2 orc high priests (Orc:2)
  11 sea snakes
  3 unseen horrors
  8 harpies
  6 hill giants
  4 orc knights
  A hornet (Lair:6)
  5 orc sorcerers
  A wolf spider (Lair:6)
  5 ugly things
  A manticore (Shoals:2)
  14 fauns
  13 griffons
  3 cyclopes
  6 elephants
  2 water nymphs
  3 centaur zombies
  11 sirens
  11 black mambas
  A guardian serpent (Lair:6)
  15 spiny frogs
  3 gargoyles
  A yaktaur (Shoals:3)
  3 kobold demonologists (D:14)
  9 komodo dragons
  2 ice devils (Lair:5)
  2 jumping spiders (Lair:4)
  2 harpy zombies (Shoals:4)
  7 trolls
  3 wind drakes
  A jumping spider (shapeshifter) (D:13)
  20 merfolk
  10 polar bears
  4 slime creatures
  A two-headed ogre (shapeshifter) (D:14)
  2 two-headed ogres
  13 blink frogs
  8 snapping turtles
  5 water elementals
  A redback (Lair:6)
  3 spriggans
  5 wraiths
  6 shadows
  51 yaks
  8 wyverns
  A steam dragon (Lair:5)
  5 hogs (D:12)
  8 hippogriffs
  4 hungry ghosts
  3 vampire mosquitoes (D:15)
  4 basilisks
  A swamp worm (shapeshifter) (D:13)
  Edmund (D:6)
  17 water moccasins
  Duvessa (D:7)
  5 wargs
  A giant eyeball (shapeshifter) (D:13)
  6 porcupines
  7 black bears
  5 ice beasts
  An eye of draining (D:12)
  An eye of draining (shapeshifter) (D:13)
  3 wasps
  34 orc warriors
  A phantom (D:14)
  6 sky beasts
  14 wolves
  13 ogres
  7 centaurs
  15 crocodiles
  5 big kobolds
  Blork the orc (Orc:2)
  A gnoll sergeant (D:8)
  Dowan (D:7)
  18 giant frogs
  A water moccasin zombie (D:8)
  6 scorpions
  3 killer bees (D:7)
  7 wights
  An electric eel (Lair:5)
  3 howler monkeys
  5 crimson imps
  4 giant frog zombies
  2 jellies
  3 hounds
  18 orc priests
  7 centaur skeletons
  9 iguanas
  26 orc wizards
  4 giant frog skeletons
  Natasha (D:3)
  14 worker ants
  9 sheep
  A hound skeleton (D:5)
  A worker ant zombie (D:7)
  Robin (D:2)
  10 gnolls
  2 howler monkey skeletons
  17 adders
  22 river rats
  5 shadow imps
  An ooze (D:3)
  4 adder skeletons
  3 worms
  4 dart slugs
  10 giant geckos
  105 orcs
  3 giant cockroaches
  27 goblins
  11 hobgoblins
  9 jackals
  17 kobolds
  5 quokkas
  12 bats
  2 giant newts
  12 rats
  3 fungi
  A plant (D:8)
923 creatures vanquished.

Vanquished Creatures (others)
  2 merfolk impalers
  A sea snake (Shoals:1)
  A hill giant (D:14)
  A deep elf mage (Orc:2)
  A griffon (Shoals:2)
  A komodo dragon (Lair:3)
  A yak (Lair:5)
  An orc wizard (D:9)
  4 orcs
  8 fungi
  12 plants
33 creatures vanquished.

Grand Total: 956 creatures vanquished

Notes
Turn   | Place    | Note
--------------------------------------------------------------
     0 | D:1      | Edwin the Formicid Hunter began the quest for the Orb.
     0 | D:1      | Reached XP level 1. HP: 16/16 MP: 1/1
   221 | D:1      | Reached XP level 2. HP: 22/22 MP: 2/2
   363 | D:1      | Reached XP level 3. HP: 28/28 MP: 3/3
  1035 | D:2      | Reached XP level 4. HP: 34/34 MP: 4/4
  1264 | D:2      | Found a faded altar of an unknown god.
  1456 | D:2      | Noticed Robin
  1540 | D:1      | Reached XP level 5. HP: 8/41 MP: 5/5
  2061 | D:2      | Reached skill level 5 in Crossbows
  2253 | D:2      | Killed Robin
  2627 | D:2      | Gained mutation: Your mind is acute. (Int +2) [potion of beneficial mutation]
  2908 | D:3      | Reached XP level 6. HP: 48/48 MP: 6/6
  3325 | D:3      | Noticed Natasha
  3331 | D:3      | Killed Natasha
  3486 | D:4      | Got a bloodstained long sword
  3489 | D:4      | Identified the +9 long sword of Bekkuf {slice, rC+ Str+5} (You found it on level 4 of the Dungeon)
  3520 | D:4      | Reached skill level 1 in Long Blades
  3523 | D:4      | Reached XP level 7. HP: 54/54 MP: 7/7
  3756 | D:4      | Found a sacrificial altar of Ru.
  3835 | D:4      | Noticed a moth of wrath
  3838 | D:4      | Found a bloodstained altar of Trog.
  4014 | D:5      | Entered Level 5 of the Dungeon
  4152 | D:5      | Found a hazy altar of Hepliaklqana.
  4183 | D:5      | Reached XP level 8. HP: 49/60 MP: 8/8
  4184 | D:5      | Reached skill level 5 in Long Blades
  4189 | D:5      | Upgraded the game from 0.19-a0-599-g723c685 to 0.19-a0-606-gee5277e
  4749 | D:5      | Found a hide-covered altar of Uskayaw.
  4942 | D:4      | Became a worshipper of Ru the Awakened
  5012 | D:6      | Identified Xogemaed's Incunabulum of the Entourage and Displacement
  5027 | D:6      | Found Nuehuulit's Antique Weapon Boutique.
  5039 | D:6      | Found Gumefieb's Quality Used Wands.
  5082 | D:6      | Noticed Edmund
  5098 | D:6      | Killed Edmund
  5098 | D:6      | Reached skill level 1 in Spellcasting
  5246 | D:6      | Found a staircase to the Ecumenical Temple.
  5277 | Temple   | Entered the Ecumenical Temple
  5534 | D:6      | Found a shattered altar of Ashenzari.
  5571 | D:6      | Found a burning altar of Makhleb.
  5593 | D:6      | Found a sacrificial altar of Ru.
  5872 | D:7      | Reached XP level 9. HP: 55/67 MP: 11/11
  5943 | D:7      | Reached skill level 5 in Fighting
  5946 | D:7      | Noticed Duvessa
  5957 | D:7      | Killed Duvessa
  6050 | D:7      | Noticed Dowan
  6053 | D:7      | Killed Dowan
  6109 | D:7      | Found Citin's Assorted Antiques.
  6570 | D:7      | Gained mutation: You cannot study or cast Air magic. [Ru sacrifice]
  6570 | D:7      | Gained mutation: You cannot study or cast Transmutations magic. [Ru sacrifice]
  6570 | D:7      | Gained mutation: You cannot study or cast Translocations magic. [Ru sacrifice]
  6570 | D:7      | Reached * piety under Ru
  6699 | D:7      | Found a glowing silver altar of Zin.
  6699 | D:7      | Noticed an angel
  6849 | D:7      | Found a basalt altar of Yredelemnul.
  7433 | D:8      | Found a shimmering altar of Xom.
  7566 | D:8      | Got a slimy trident
  7654 | D:8      | Found a staircase to the Lair.
  7742 | D:8      | Reached skill level 5 in Dodging
  8325 | D:8      | Found an opulent altar of Gozag.
  8373 | D:8      | Reached XP level 10. HP: 61/77 MP: 15/15
  8474 | Lair:1   | Entered Level 1 of the Lair of Beasts
  8908 | Lair:1   | Noticed a komodo dragon
  8925 | Lair:1   | Killed a komodo dragon
  9107 | Lair:1   | Gained mutation: You are frail. (-10% HP) [Ru sacrifice]
  9107 | Lair:1   | Reached ** piety under Ru
  9538 | Lair:1   | Noticed a spiny frog
  9544 | Lair:1   | Killed a spiny frog
  9544 | Lair:1   | Reached XP level 11. HP: 77/77 MP: 17/17
 10039 | Lair:2   | Found a staircase to the Shoals.
 11907 | Lair:3   | Reached skill level 1 in Armour
 12233 | Lair:3   | Reached XP level 12. HP: 85/85 MP: 18/18
 12306 | Lair:3   | Reached skill level 5 in Armour
 12464 | Lair:3   | Gained mutation: You are clumsy. (Dex -2) [Ru sacrifice]
 13190 | Lair:4   | Noticed a death yak
 13190 | Lair:4   | Noticed a death yak
 13190 | Lair:4   | Noticed a death yak
 13190 | Lair:4   | Noticed a death yak
 13190 | Lair:4   | Noticed a death yak
 14235 | D:9      | Reached skill level 10 in Long Blades
 14401 | D:9      | Found a roughly hewn altar of Beogh.
 14537 | D:10     | Entered Level 10 of the Dungeon
 15896 | D:10     | Found a portal to a secret trove of treasure.
 15920 | D:11     | Found Osipuyggo's Book Shop.
 16015 | D:11     | Reached skill level 10 in Fighting
 16145 | D:11     | Reached XP level 13. HP: 92/92 MP: 19/19
 16799 | D:12     | Reached skill level 10 in Armour
 16839 | D:11     | Reached skill level 10 in Crossbows
 17741 | D:12     | Found a staircase to the Orcish Mines.
 17867 | D:12     | Identified the +6 trident "Gemn" {venom, rF+ Str+4} (You found it on level 8 of the Dungeon)
 18021 | D:12     | Noticed Kirke
 18143 | D:11     | Noticed a sphinx
 18148 | D:11     | Killed Kirke
 18389 | Orc:1    | Entered Level 1 of the Orcish Mines
 18391 | Orc:1    | Noticed Josephine
 18492 | D:13     | Gained mutation: You cannot read scrolls while threatened. [Ru sacrifice]
 18492 | D:13     | Reached *** piety under Ru
 18589 | D:13     | Noticed a centaur warrior
 18598 | D:13     | Killed a centaur warrior
 18672 | D:13     | Noticed a centaur warrior
 18692 | D:13     | Killed a centaur warrior
 18746 | D:13     | Found a gate to the Vaults.
 18934 | D:13     | Reached XP level 14. HP: 97/101 MP: 20/20
 19768 | D:14     | Got a crude dagger
 19779 | D:14     | Noticed Arkorax's ghost (journeyman MiGl)
 20122 | D:15     | Entered Level 15 of the Dungeon
 20310 | D:15     | Gained mutation: You are slightly vulnerable to magic. (MR-) [Ru sacrifice]
 20310 | D:15     | Reached **** piety under Ru
 20310 | D:15     | Reached ***** piety under Ru
 20586 | D:15     | Found a staircase to the Depths.
 21775 | Lair:4   | Found a hole to the Spider Nest.
 22542 | Lair:5   | Found a frozen archway.
 22556 | IceCv    | Entered an ice cave
 22628 | IceCv    | Reached XP level 15. HP: 108/108 MP: 21/21
 23173 | IceCv    | Noticed a frost giant
 23429 | Lair:5   | Gained mutation: You take slightly more damage. (AC -3) [Ru sacrifice]
 23505 | Lair:5   | Reached skill level 1 in Shields
 24058 | Lair:5   | Got a brightly glowing rapier
 24317 | Lair:6   | Entered Level 6 of the Lair of Beasts
 24327 | Lair:6   | Reached skill level 5 in Shields
 24626 | Lair:6   | Noticed Rupert
 24804 | Lair:6   | Found a staircase to the Slime Pits.
 25238 | Lair:6   | Killed Rupert
 25366 | Lair:6   | Reached skill level 10 in Shields
 26223 | Lair:1   | Identified a scroll of acquirement
 26226 | Lair:1   | Got a shimmering diamond amulet
 26227 | Lair:1   | Identified the amulet of Sif Muna's Indignation {Dismiss rElec} (You acquired it on level 1 of the Lair of Beasts)
 26294 | Shoals:1 | Entered Level 1 of the Shoals
 26460 | Shoals:1 | Reached XP level 16. HP: 105/115 MP: 22/22
 27002 | Shoals:2 | Found a runed door.
 27237 | Shoals:1 | Upgraded the game from 0.19-a0-606-gee5277e to 0.19-a0-627-g7ac35de
 27665 | Shoals:2 | Got a transparent lajatang
 28575 | Shoals:3 | Noticed Aizul
 28901 | Shoals:3 | Killed Aizul
 29029 | Shoals:3 | Gained mutation: You are hated by all. [Ru sacrifice]
 29029 | Shoals:3 | Reached ****** piety under Ru
 29045 | Shoals:3 | Noticed Mara
 29047 | Shoals:3 | Noticed Edwin's illusion
 29363 | Shoals:2 | Upgraded the game from 0.19-a0-627-g7ac35de to 0.19-a0-644-gd04d753
 29759 | Orc:1    | Killed Josephine
 30406 | Orc:2    | Entered Level 2 of the Orcish Mines
 30471 | Orc:2    | Found a staircase to the Elven Halls.
 31495 | Orc:2    | Reached XP level 17. HP: 108/123 MP: 23/23
 31542 | Orc:2    | Noticed Blork the orc
 31546 | Orc:2    | Killed Blork the orc
 31703 | Orc:2    | Found a roughly hewn altar of Beogh.
 31924 | Orc:2    | Found Bawuudokk's Antique Weapon Shop.
 31944 | Orc:2    | Found Ucumaw's Book Shop.
 31964 | Orc:2    | Found Sejos's General Store.
 31975 | Orc:2    | Upgraded the game from 0.19-a0-644-gd04d753 to 0.19-a0-650-gab89c2a
 31991 | Orc:2    | Bought a glowing arbalest for 99 gold pieces
 31991 | Orc:2    | Bought a glowing arbalest for 99 gold pieces
 32089 | Orc:2    | Found Daneneus's Antique Armour Shop.
 32099 | Orc:2    | Bought a pearl dragon hide for 2520 gold pieces
 32099 | Orc:2    | Bought an ichor-stained ring mail for 252 gold pieces
 32099 | Orc:2    | Bought a pair of runed gloves for 126 gold pieces
 32270 | Orc:2    | Identified the +5 ring mail "Ukhlubon" {-Tele Int+8 Slay+6 SInv} (You bought it in a shop on level 2 of the Orcish Mines)
 32391 | Elf:1    | Entered Level 1 of the Elven Halls
 33579 | Shoals:4 | Entered Level 4 of the Shoals
 33695 | Shoals:4 | Noticed Bai Suzhen
 33714 | Shoals:3 | Engulfed by Bai Suzhen's thunder

Vault maps used:
D:1:      dpeg_arrival_tiny_d, minmay_distorted
D:2:      ecumenical_altar_2, kennysheep_generic_room_12, uniq_robin
D:3:      small_statue_intersection, uniq_natasha
D:4:      tgw_trog, nicolae_overflow_hidden_temple, grunt_decor_arrowhead
D:5:      overflow_temple_1_default, old_standard_altar, first_bread,
          minmay_ogre_servants
D:6:      overflow_temple_1_default, lemuel_doored_altar,
          minmay_temple_entry_glassed_door, serial_shops, shop_statue,
          basic_altar, nicolae_for_you_no_charge, uniq_edmund
D:7:      kennysheep_mini_moat, zin_angel, serial_shops,
          nicolae_shop_overgrown_old_shop, the_bakery, uniq_duvessa
D:8:      lemuel_coloured_pillars_altar, old_standard_altar, dpeg_oklobed_lair
D:9:      special_room
D:10:     enter_trove_3
D:11:     serial_shops, shop
D:12:     david_orc_4, uniq_kirke
D:13:     david_vaults_2
D:14:     kennysheep_boxes, dk_noncrumbling_4
D:15:     grunt_enter_depths_hoard
Temple:   hc_temple_tempest_star
Lair:1:   wad_woods_tower, grunt_megastairs_3
Lair:2:   shoals_dummy_entry, grunt_megastairs_1
Lair:3:   serial_bayou_shore_b
Lair:4:   spider_nest_entry_a, grunt_megastairs_5, lemuel_fruit_fields
Lair:5:   gammafunk_lair_bear_cave, portal_ice_cave_demonic_guard,
          lemuel_fruit_tree, bh_autumn_forest_stairs
Lair:6:   hangedman_lair_tendril_chambers, minmay_slime_entry_pillars,
          uniq_rupert
Shoals:2: lightli_airlock
Shoals:3: yaktaur_hedge, uniq_aizul, uniq_mara
Shoals:4: shoals_end_hangedman, shoals_ilsuiw_ice, nicolae_shoals_undead_eyrie,
          uniq_louise, uniq_bai_suzhen
Orc:1:    uniq_josephine
Orc:2:    grunt_orc_cross
Elf:1:    minmay_elf_arrival_circle, serial_shops, shop, orc_legates,
          uniq_roxanne
IceCv:    ice_cave_small_giant

Skill      XL: |  1  2  3  4  5  6  7  8  9 10 11 12 13 14 15 16 17 |
---------------+----------------------------------------------------+-----
Dodging        | 2 3 4 5 6 7 |  7.5
Fighting       | 3 4 6 7 9 10 11 12 13 | 13.4
Crossbows      | 5 6 7 8 9 10 11 12 13 | 13.4
Long Blades    | 1 4 7 8 9 10 11 12 | 12.6
Spellcasting   | 1 3 4 |  4.0
Armour         | 4 9 12 13 14 | 14.4
Shields        | 11 14 | 14.6
Stealth        | |  1.2

Action                   |  1- 3 |  4- 6 |  7- 9 | 10-12 | 13-15 | 16-18 || total
-------------------------+-------+-------+-------+-------+-------+-------++-------
Melee: Short sword       |    63 |    10 |       |       |       |       ||    73
       Spear             |       |    71 |       |       |       |       ||    71
       Halberd           |       |    18 |       |       |       |       ||    18
       Long sword        |       |     4 |   241 |   462 |  1049 |   771 ||  2527
       Unarmed           |       |       |       |       |     8 |       ||     8
 Fire: Hand crossbow     |    36 |   117 |    74 |   315 |   365 |   142 ||  1049
       Blowgun           |       |       |       |     8 |       |       ||     8
       Arbalest          |       |       |       |       |       |    95 ||    95
Invok: Sacrifice Arcana  |       |       |     1 |       |       |       ||     1
       Sacrifice Health  |       |       |       |     1 |     1 |       ||     2
       Reject Sacrifices |       |       |       |     1 |     1 |       ||     2
       Sacrifice Purity  |       |       |       |     1 |       |       ||     1
       Sacrifice Words   |       |       |       |       |     1 |       ||     1
       Power Leap        |       |       |       |       |     5 |       ||     5
       Sacrifice Essence |       |       |       |       |     1 |       ||     1
       Draw Out Power    |       |       |       |       |     1 |     4 ||     5
       Sacrifice Love    |       |       |       |       |       |     1 ||     1
 Abil: Dig               |       |       |       |       |     1 |       ||     1
  Use: Scroll            |       |    11 |     6 |     8 |    15 |       ||    40
       Potion            |       |     1 |     2 |     3 |     3 |     4 ||    13
 Stab: Distracted        |     1 |       |     1 |       |     4 |     3 ||     9
       Invisible         |       |       |       |     1 |     9 |     7 ||    17
       Paralysed         |       |       |       |       |       |     2 ||     2
  Eat: Chunk             |       |     8 |    16 |    21 |    25 |    19 ||    89
       Pizza             |       |       |       |     1 |       |       ||     1
       Fruit             |       |       |       |     1 |     7 |     3 ||    11
       Beef jerky        |       |       |       |     1 |       |       ||     1
       Bread ration      |       |       |       |       |     2 |       ||     2
Armor: Leather armour    |    26 |    38 |       |       |       |       ||    64
       Chain mail        |       |    32 |   111 |   183 |    16 |       ||   342
       Plate armour      |       |       |       |       |   594 |   199 ||   793
Dodge: Dodged            |    48 |   109 |    99 |   235 |   427 |   158 ||  1076
Block: Large shield      |       |       |       |       |   418 |   716 ||  1134
